 Dungeon Crawl Stone Soup version 0.28-a0-1555-g9ae15a6949 (webtiles) character file.

Game seed: 3867432687735107874

20675 murtidash the Summoner (level 12, -5/60 HPs)
             Began as a Felid Summoner on Jan 18, 2022.
             Was an Initiate of Gozag.
             Killed from afar by a lindwurm (28 damage)
             ... with a blast of flame
             ... on level 4 of the Lair of Beasts on Jan 19, 2022.
             The game lasted 01:31:50 (25331 turns).

murtidash the Summoner (Felid Summoner)            Turns: 25331, Time: 01:31:51

Health: -5/60      AC:  3    Str:  4    XL:     12   Next: 47%
Magic:  5/20       EV: 30    Int: 20    God:    Gozag
Gold:   45         SH:  0    Dex: 18    Spells: 2/21 levels left
                                        Lives:  0   Deaths: 4

rFire   . . .      SeeInvis +   (weapon unavailable)
rCold   + . .      Faith    .   (shield unavailable)
rNeg    . . .      Spirit   .   (armour unavailable)
rPois   .          Reflect  .   (helmet unavailable)
rElec   .          Harm     .   (cloak unavailable)
rCorr   .          Rampage  .   (gloves unavailable)
Will    +....                   (boots unavailable)
Stlth   ++........              g - amulet of regeneration
HPRegen 1.00/turn               z - ring of wizardry
MPRegen 0.17/turn               E - +4 ring of evasion

@: quick
A: very small, claws 1, fangs 3, see invisible, speed 1, shaggy fur 3, stealthy
paws, no weapons or thrown items, no armour, multi-lived
a: Renounce Religion, Potion Petition, Call Merchant, Bribe Branch


You were on level 4 of the Lair of Beasts.
You worshipped Gozag.
Gozag was noncommittal.
You visited 3 branches of the dungeon, and saw 17 of its levels.
You also visited: Bailey.

You collected 1813 gold pieces.
You spent 667 gold pieces at shops.
You paid 1101 gold pieces to Gozag.


Innate Abilities, Weirdness & Mutations

You have sharp claws.
You have razor-sharp teeth.
You have supernaturally acute eyesight. (SInv)
You cover ground quickly. (Speed+)
Your thick and shaggy fur keeps you warm. (AC +3, rC+)
Your paws help you pounce on unaware monsters.
You are incapable of wielding weapons or throwing items.
You cannot wear armour.
You gain extra lives every three experience levels.


   Skills:
 + Level 11.3 Fighting
 - Level 12.0 Dodging
 - Level 2.6 Stealth
 - Level 5.0 Spellcasting
 - Level 5.0 Hexes
 + Level 14.1 Summonings
 + Level 2.6 Translocations
 + Level 2.0 Transmutations
 - Level 12.0 Air Magic


You had 2 spell levels left.
You knew the following spells:

 Your Spells              Type           Power      Damage    Failure   Level
a - Summon Small Mammal   Summ           100%       N/A       1%          1
b - Summon Cactus Giant   Summ           28%        N/A       2%          6
c - Call Canine Familiar  Summ           57%        N/A       1%          3
d - Summon Lightning Spi  Summ/Air       55%        N/A       1%          4
s - Call Imp              Summ           57%        N/A       1%          2
X - Summon Guardian Gole  Hex/Summ       43%        N/A       1%          3

Your spell library contained the following spells:

 Spells                   Type           Power      Damage    Failure   Level
 Beastly Appendage        Tmut           26%        N/A       1%          1
 Slow                     Hex            100%       N/A       1%          1
 Ensorcelled Hibernation  Hex/Ice        30%        N/A       2%          2
 Wereblood                Tmut           13%        N/A       3%          2
 Pain                     Necr           20%        1d5       4%          1
 Passwall                 Tmut/Erth      7%         N/A       4%          2
 Scorch                   Fire           10%        2d5       7%          2
 Swiftness                Air            52%        N/A       1%          3
 Airstrike                Air            26%        N/A       1%          4
 Silence                  Hex/Air        19%        N/A       4%          5
 Spider Form              Tmut/Pois      9%         N/A       9%          3
 Ozocubu's Armour         Ice            5%         N/A       14%         3
 Flame Wave               Conj/Fire      5%         2d4       41%         4
 Metabolic Englaciation   Hex/Ice        7%         N/A       41%         5
 Agony                    Necr           5%         N/A       75%         5
 Simulacrum               Ice/Necr       2%         N/A       99%         6
 Enfeeble                 Hex            12%        N/A       99%         7
 Excruciating Wounds      Necr           Unusable   N/A       N/A         5

Inventory:

Jewellery
 d - a +6 ring of dexterity
   (You found it on level 2 of the Lair of Beasts)
 e - a +4 ring of evasion
   (You found it on level 4 of the Lair of Beasts)
 g - an amulet of regeneration (around neck)
   (You bought it in a shop on level 2 of the Lair of Beasts)
 i - a ring of willpower
   (You found it on level 1 of the Lair of Beasts)
 z - a ring of wizardry (left paw)
   (You found it on level 6 of the Dungeon)
 C - a ring of ice
   (You found it on level 2 of the Lair of Beasts)
 D - a +6 ring of dexterity
   (You found it on level 7 of the Dungeon)
 E - a +4 ring of evasion (right paw)
   (You found it on level 2 of the Lair of Beasts)
 N - a ring of positive energy
   (You found it on level 9 of the Dungeon)
 P - a ring of poison resistance
   (You took it off an orc on level 5 of the Dungeon)
 S - a +6 ring of strength
   (You found it on level 3 of the Lair of Beasts)
 T - an amulet of faith {!P}
   (You found it on level 3 of the Dungeon)
 Z - a ring of wizardry
   (You found it on level 5 of the Dungeon)
Wands
 h - a wand of digging (5)
   (You took it off a death knight on level 9 of the Dungeon)
 l - a wand of paralysis (7)
   (You found it on level 1 of the Lair of Beasts)
 r - a wand of iceblast (20)
   (You found it on level 6 of the Dungeon)
 u - a wand of flame (42)
   (You found it on level 7 of the Dungeon)
 x - a wand of polymorph (31)
   (You found it on level 6 of the Dungeon)
Scrolls
 a - 5 scrolls of identify {@r1}
 c - 2 scrolls of vulnerability {!r!r}
 j - 3 scrolls of blinking {!r}
 s - 2 scrolls of fog
 w - a scroll of torment {!r}
 A - 3 scrolls of immolation {!r!r}
 F - 2 scrolls of fear
 H - a scroll of amnesia
 J - a scroll of magic mapping {!r}
 K - a scroll of brand weapon {unknown}
 O - 5 scrolls of teleportation {@r4}
Potions
 b - 4 potions of attraction {!q}
 f - 5 potions of mutation {!q}
 k - 4 potions of curing {@q1}
 m - a potion of magic
 n - 6 potions of brilliance
 o - 3 potions of flight
 p - a potion of might
 q - a potion of haste {@q3}
 t - a potion of lignification {!q}
 v - 2 potions of resistance
 B - a potion of cancellation
 L - a potion of heal wounds {@q2}
Miscellaneous
 y - a phantom mirror
   (You found it in a bailey)
 I - a piece from Xom's chessboard (15/15)
   (You found it on level 9 of the Dungeon)
 M - a lightning rod (4/4)
   (You found it on level 1 of the Lair of Beasts)

Dungeon Overview and Level Annotations

Branches:
Dungeon (11/15)            Temple (1/1) D:4            Lair (5/6) D:8
 Shoals (0/4) Lair:3       Spider (0/4) Lair:4          Orc (0/2) D:11
 Bailey (visited)
  Slime: Lair:5-6

Altars:
Ashenzari
Cheibriados
Dithmenos
Elyvilon
Fedhas
Gozag
Hepliaklqana
Kikubaaqudgha
Makhleb
Nemelex Xobeh
Okawaru
Qazlal
Ru
Sif Muna
Trog
Uskayaw
Vehumet
Wu Jian
Xom
Yredelemnul
Zin
The Shining One

Shops:
D:5 (   D:10 ?   Lair:2 =

Annotations:
D:9 exclusion: door

.......(P(.............###...# #
.......(.(.......>.....##....#
...............[............##
......................#..####
......................#..## #
..................#..##...# #
.....................##..## #
.................C##.##..## ##
................@.##.P....# ###.
........≈.≈≈.k#..........#####...
.......≈≈≈≈≈≈≈≈.............##...
.......≈≈≈≈≈≈≈≈............###...
.....≈≈≈≈≈≈≈≈≈≈≈...........##....
.....≈≈≈≈..≈≈≈≈.............##...
......≈≈≈.>≈≈≈≈......#.....###...
......≈≈≈≈≈≈≈≈≈......##....##....
......≈≈≈≈≈≈≈≈≈≈...P.#.....#.#...


You could see a lindwurm (catching breath) and a friendly cactus giant
(summoned).


Message History

Ouch! That really hurt!
* * * LOW HITPOINT WARNING * * *
The blast of flame hits the fungus!
The fungus begins to die.
There is a stone staircase leading up here. 😨 HP[-33]
You take 33 damage, and now have 27/60 hp.
MASSIVE DAMAGE!! (PAUSE) Send 'em back where they came from!
Your cactus giant disappears in a puff of smoke!
You climb upwards.
There is a stone staircase leading down, spattered with blood here. 😨 HP[+2] MP[+1]
You regained 2 hp, and now have 29/60 hp.
Done exploring. 😎 HP[+31] MP[+15]
Your hp is fully restored (60).
Your mp is fully restored (20).
You enter the shallow water.
Moving in this stuff is going to be slow.
There is a stone staircase leading down here.
You climb downwards.
There is a stone staircase leading up here.
Casting: Summon Cactus Giant (dangerous; 2% risk of failure)
Confirm with . or Enter, or press ? or * to list all spells.
The lindwurm breathes flames at you.
The blast of flame hits you!! 😮 HP[-28] MP[-6]
You take 28 damage, and now have 32/60 hp.
MASSIVE DAMAGE!! (PAUSE)
You lost 6 mp, and now have 14/20 mp. 😮 HP[+1]
Your cactus giant hits the lindwurm with a +0 giant spiked club.
The lindwurm breathes flames at you.
The blast of flame hits your cactus giant!!!
The blast of flame hits you!
* * * LOW HITPOINT WARNING * * *
😨 HP[-15]
You take 15 damage, and now have 18/60 hp.
MASSIVE DAMAGE!! (PAUSE) 😨 HP[+1]
The lindwurm is struck by your cactus giant's spines.
The lindwurm completely misses your cactus giant.
The lindwurm claws your cactus giant! x2 😨 HP[+1]
What are your orders? t - Meow!
Orders for allies: a - Attack new target. r - Retreat! s - Stop attacking. g - Guard the area. f - Follow me.
Anything else - Cancel.
Gang up on whom?
Press: ? - help, Dir - move target, f - lindwurm
Aim: a lindwurm (heavily wounded, catching its breath, ally target) Attack!
The lindwurm is struck by your cactus giant's spines.
The lindwurm bites your cactus giant!!
The lindwurm claws your cactus giant. x2
Your cactus giant is destroyed!
Your cactus giant disappears in a puff of smoke! 😨 HP[+1] MP[+1]
Casting: Summon Cactus Giant (dangerous; 2% risk of failure)
Confirm with . or Enter, or press ? or * to list all spells.
😨 HP[+1] MP[-6]
You lost 6 mp, and now have 9/20 mp.
The lindwurm misses you. The lindwurm completely misses you.
The lindwurm claws you.
* * * LOW HITPOINT WARNING * * *
There is a stone staircase leading up here.
The lindwurm misses you. The lindwurm completely misses you.
The lindwurm claws you but does no damage.
You climb upwards.
Your summoned ally is left behind.
There is a stone staircase leading down here. 😨 HP[+3]
You regained 3 hp, and now have 25/60 hp. 😨 MP[+1]
You enter the shallow water.
Moving in this stuff is going to be slow. 😨 HP[+2]
You regained 2 hp, and now have 27/60 hp.
The lindwurm breathes flames at you. The blast of flame misses you. 😨 HP[+1]
You are engulfed in a cloud of scalding steam.
* * * LOW HITPOINT WARNING * * *
The lindwurm breathes flames at you. The blast of flame misses you. 😨 HP[-6]
You take 6 damage, and now have 22/60 hp.
You are engulfed in a cloud of scalding steam.
* * * LOW HITPOINT WARNING * * *
😨 HP[-3] MP[+1]
You take 3 damage, and now have 19/60 hp. 😨 HP[+1] 😨 HP[+1]
Casting: Summon Cactus Giant (dangerous; 2% risk of failure)
Confirm with . or Enter, or press ? or * to list all spells.
😨 HP[+1] MP[-6]
You lost 6 mp, and now have 5/20 mp.
The lindwurm breathes flames at you. The blast of flame hits you!!
You die...
Your body crumbles into a pile of gold.

Skill      XL: |  1  2  3  4  5  6  7  8  9 10 11 12 |
---------------+-------------------------------------+-----
Spellcasting   | 3 4 5 |  5.0
Summonings     | 5 6 8 9 10 11 12 14 | 14.1
Hexes          | 2 3 5 |  5.0
Air Magic      | 1 2 5 6 8 9 12 | 12.0
Dodging        | 4 7 9 11 12 | 12.0
Fighting       | 2 5 6 8 11 | 11.3
Translocations | 2 |  2.6
Transmutations | 2 |  2.0
Stealth        | |  2.6

Action                   |  1- 3 |  4- 6 |  7- 9 | 10-12 | 13-15 || total
-------------------------+-------+-------+-------+-------+-------++-------
Melee: Unarmed           |    18 |    14 |    29 |    17 |       ||    78
       Bite              |     2 |     1 |     4 |     5 |       ||    12
       Punch             |       |       |     1 |     2 |       ||     3
 Cast: Summon Small Mamm |    21 |     2 |     9 |       |       ||    32
       Call Imp          |    10 |     1 |       |       |       ||    11
       Call Canine Famil |     4 |    29 |    78 |    22 |     1 ||   134
       Summon Guardian G |       |     4 |    43 |     5 |       ||    52
       Summon Lightning  |       |       |    26 |    66 |     1 ||    93
       Summon Cactus Gia |       |       |       |   104 |     1 ||   105
Invok: Call Merchant     |       |       |       |     1 |       ||     1
Evoke: Wand              |       |       |       |     3 |       ||     3
  Use: Scroll            |       |       |    17 |    12 |     2 ||    31
       Potion            |       |       |     5 |     5 |       ||    10
 Stab: Distracted        |       |       |     1 |       |       ||     1
Armor: Skin              |     5 |     3 |     7 |     5 |     2 ||    22
Dodge: Dodged            |    36 |    27 |    79 |   181 |     6 ||   329

Levels and vault maps discovered:
D:1:      psy_arrival_dodecagon, layout_loops_ring,
          hellmonk_ecumenical_altar_inner_sanctum, minmay_misc_feat_alley,
          st_stairs_4
D:2:      layout_rooms, uniq_jessica
D:3:      layout_basic, mainiacjoe_overflow_catwalk_spiral, serial_glass,
          glass_columns_b, glass_columns_b, minmay_gold_behind_fungi,
          serial_bayou_crossing, uniq_sigmund
D:4:      layout_rooms, nicolae_overflow_hidden_temple,
          makhleb_altar_promises_db, minmay_temple_entry_hall, minmay_between,
          uniq_natasha
D:5:      layout_basic, lemuel_coloured_pillars_altar, serial_shops,
          nicolae_shop_bloodbath_and_beyond, chequers_serial_rivers_room_b,
          fountainhead
D:6:      layout_basic, dk_noncrumbling_2, nicolae_fountain_basement,
          uniq_edmund, uniq_eustachio
D:7:      layout_loops_ring, chequers_serial_rivers_micro_e
D:8:      layout_rooms, minmay_lair_entry_grove
D:9:      layout_cave_pools, nicolae_rejected_hall, uniq_joseph
D:10:     layout_cave_pools, serial_shops, nicolae_inconvenience_store,
          enter_bailey_8
D:11:     layout_roguey, zombieorc1_lemuel, portal_ice_cave_entry_ice_simulacra,
          minmay_diamond_spiral
Temple:   nicolae_temple_figure_eight
Lair:1:   layout_hall_layers, beast_lair_carwin_2
Lair:2:   layout_chaotic_city, infiniplex_staircase_pool
Lair:3:   hellmonk_warped_wall, layout_regular_city, minmay_shoals_entry_hut,
          hangedman_lair_unloving_vines, uniq_gastronok
Lair:4:   cheibrodos_lair_river_kwai, layout_gridlike, spider_nest_entry_webs,
          infiniplex_staircase_pool_2, lemuel_fruit_tree, uniq_snorg
Lair:5:   layout_cellular_growth, uniq_urug

Notes
Turn   | Place    | Note
-------+----------+-------------------------------------------
     0 | D:1      | murtidash the Felid Summoner began the quest for the Orb.
     0 | D:1      | Reached XP level 1. HP: 7/7 MP: 4/4
     0 | D:1      | magus.rc [v1.11.3]
   396 | D:1      | Reached XP level 2. HP: 11/11 MP: 3/6
   399 | D:1      | Learned a level 2 spell: Call Imp
   577 | D:1      | Found a faded altar of an unknown god.
  1130 | D:2      | Reached XP level 3. HP: 14/14 MP: 2/8
  1134 | D:2      | Learned a level 3 spell: Call Canine Familiar
  1310 | D:2      | You pick up a book of Pain and begin reading...
  1310 | D:2      | You add the spells Pain and Agony to your library.
  1354 | D:2      | Reached skill level 3 in Spellcasting
  1358 | D:2      | Reached XP level 4. HP: 18/18 MP: 4/9
  1526 | D:2      | Reached skill level 5 in Summonings
  1560 | D:2      | Noticed Jessica
  1577 | D:2      | HP: 4/18 [Jessica (5)]
  1582 | D:2      | HP: 4/18 [giant cockroach (1)]
  1602 | D:2      | Killed Jessica
  1605 | D:2      | HP: 1/18 [giant cockroach (2)]
  2499 | D:3      | Reached XP level 5. HP: 20/21 MP: 11/11
  2870 | D:3      | Noticed Sigmund
  2894 | D:3      | Killed Sigmund
  2895 | D:3      | Reached skill level 4 in Spellcasting
  2895 | D:3      | Reached skill level 2 in Hexes
  2895 | D:3      | Reached skill level 1 in Air Magic
  2895 | D:3      | Gained mutation: You are covered in thick fur. (AC +2)
                  | [Felid growth]
  2895 | D:3      | Reached XP level 6. HP: 24/24 MP: 9/13
  3023 | D:3      | Found a sacrificial altar of Ru.
  3025 | D:3      | Found a shadowy altar of Dithmenos.
  3494 | D:4      | Noticed Natasha
  3505 | D:4      | Killed Natasha
  3659 | D:4      | Found a burning altar of Makhleb.
  3666 | D:4      | Noticed Natasha
  3673 | D:4      | Noticed a blizzard demon
  3677 | D:4      | Noticed a smoke demon
  3677 | D:4      | Noticed a smoke demon
  3690 | D:4      | Killed Natasha
  3725 | D:4      | Reached skill level 3 in Hexes
  3835 | D:4      | Noticed Natasha
  3854 | D:4      | Killed Natasha
  3855 | D:4      | Reached skill level 2 in Air Magic
  4061 | D:4      | Learned a level 3 spell: Summon Guardian Golem
  4072 | D:4      | Learned a level 4 spell: Summon Lightning Spire
  4117 | D:4      | HP: 2/24 [gnoll (12)]
  4135 | D:4      | HP: 1/24 [dart slug/slug dart (2)]
  4456 | D:4      | Reached skill level 6 in Summonings
  4568 | D:4      | Found a staircase to the Ecumenical Temple.
  4578 | Temple   | Entered the Ecumenical Temple
  4824 | D:4      | Reached XP level 7. HP: 27/27 MP: 8/14
  5249 | D:5      | Entered Level 5 of the Dungeon
  5318 | D:5      | Reached skill level 4 in Hexes
  5999 | D:5      | Reached skill level 3 in Air Magic
  6160 | D:5      | Found Xefehes's Weapon Emporium.
  6316 | D:5      | Reached skill level 5 in Hexes
  6383 | D:5      | You pick up a book of Changes and begin reading...
  6383 | D:5      | You add the spells Beastly Appendage, Wereblood and Spider
                  | Form to your library.
  6599 | D:5      | Found a hazy altar of Hepliaklqana.
  6677 | D:6      | Noticed Eustachio
  6751 | D:6      | Reached skill level 7 in Summonings
  6752 | D:6      | Reached XP level 8. HP: 27/31 MP: 3/15
  6755 | D:6      | You pick up a book of Scorching and begin reading...
  6755 | D:6      | You add the spells Scorch, Flame Wave and Summon Cactus
                  | Giant to your library.
  7073 | D:5      | Reached skill level 4 in Air Magic
  8020 | D:6      | HP: 1/31 [asphyx]
  8022 | D:6      | Asphyxiated
  8023 | D:6      | Reached XP level 7. HP: -5/27 MP: 14/14
  8166 | D:6      | Noticed Edmund
  8188 | D:6      | Killed Eustachio
  8189 | D:6      | Reached skill level 5 in Air Magic
  8196 | D:6      | Reached skill level 8 in Summonings
  8310 | D:6      | Killed Edmund
  8311 | D:6      | Reached XP level 8. HP: 31/31 MP: 5/15
  9553 | D:7      | Reached skill level 6 in Air Magic
  9871 | D:8      | Reached skill level 3 in Dodging
  9925 | D:8      | Reached skill level 1 in Fighting
 10149 | D:8      | Reached skill level 9 in Summonings
 10255 | D:8      | Reached skill level 2 in Fighting
 10261 | D:8      | Reached skill level 4 in Dodging
 10261 | D:8      | Reached XP level 9. HP: 18/36 MP: 9/16
 10781 | D:8      | Reached skill level 3 in Fighting
 10781 | D:8      | Reached skill level 5 in Dodging
 10811 | D:8      | Reached skill level 7 in Air Magic
 10845 | D:8      | Reached skill level 6 in Dodging
 10883 | D:8      | Reached skill level 4 in Fighting
 11043 | D:8      | Found a staircase to the Lair.
 11046 | D:8      | You fall into a shaft and drop 1 floor!
 11330 | D:9      | Reached XP level 10. HP: 39/43 MP: 9/17
 11581 | D:9      | Noticed a centaur warrior
 11581 | D:9      | HP: 4/43 [centaur warrior/arrow (22)]
 11582 | D:9      | Shot with an arrow by a centaur
 11583 | D:9      | Reached XP level 9. HP: -2/38 MP: 9/16
 11701 | Lair:1   | Entered Level 1 of the Lair of Beasts
 11702 | Lair:1   | magus.rc [v1.11.3]
 11702 | Lair:1   | Noticed a komodo dragon
 11706 | Lair:1   | Noticed a komodo dragon
 11707 | Lair:1   | Reached skill level 10 in Summonings
 12160 | Lair:1   | Reached skill level 7 in Dodging
 12365 | Lair:1   | Killed a komodo dragon
 12366 | Lair:1   | Reached skill level 5 in Fighting
 12426 | Lair:1   | Noticed a black mamba
 12432 | Lair:1   | Killed a black mamba
 12723 | Lair:1   | Reached skill level 8 in Air Magic
 12727 | Lair:1   | Reached XP level 10. HP: 12/44 MP: 3/17
 12730 | Lair:1   | Reached skill level 8 in Dodging
 12751 | Lair:1   | Noticed a cane toad
 12761 | Lair:1   | HP: 9/44 [bullfrog (7)]
 12763 | Lair:1   | Killed a cane toad
 13154 | Lair:1   | Reached skill level 6 in Fighting
 13735 | Lair:2   | Noticed a death yak
 13736 | Lair:2   | Noticed a death yak
 13925 | Lair:2   | Noticed a cane toad
 13961 | Lair:2   | Reached skill level 9 in Dodging
 13982 | Lair:2   | Reached skill level 11 in Summonings
 14149 | Lair:2   | Noticed a death yak
 14153 | Lair:2   | Noticed a death yak
 14154 | Lair:2   | Noticed a death yak
 14173 | Lair:2   | Noticed a death yak
 14173 | Lair:2   | Killed a death yak
 14174 | Lair:2   | Reached XP level 11. HP: 18/49 MP: 7/19
 14524 | Lair:2   | Reached skill level 5 in Spellcasting
 14676 | Lair:2   | Learned a level 6 spell: Summon Cactus Giant
 14767 | Lair:2   | Killed a death yak
 14777 | Lair:2   | Killed a death yak
 14778 | Lair:2   | Reached skill level 7 in Fighting
 14778 | Lair:2   | Reached skill level 9 in Air Magic
 14780 | Lair:2   | Killed a death yak
 14792 | Lair:2   | Killed a death yak
 14793 | Lair:2   | Reached skill level 10 in Dodging
 14797 | Lair:2   | Killed a death yak
 15447 | Lair:3   | Noticed Gastronok
 15447 | Lair:3   | Gastronok the Ponderous comes into view. He is wearing the
                  | +3 hat of Pondering {ponderous, Will+ MP+10 Int+5}.
 15448 | Lair:3   | Noticed a four-headed hydra
 15455 | Lair:3   | Aim: Gastronok, wearing the +3 hat of Pondering {ponderous,
                  | Will+ MP+10 Int+5} (covering ground quickly)
 15455 | Lair:3   | Aim: Gastronok, wearing the +3 hat of Pondering {ponderous,
                  | Will+ MP+10 Int+5} (covering ground quickly)
 15456 | Lair:3   | Killed a four-headed hydra
 15457 | Lair:3   | Aim: Gastronok, wearing the +3 hat of Pondering {ponderous,
                  | Will+ MP+10 Int+5} (covering ground quickly, ally target)
 15457 | Lair:3   | Aim: Gastronok, wearing the +3 hat of Pondering {ponderous,
                  | Will+ MP+10 Int+5} (covering ground quickly, ally target)
 15464 | Lair:3   | HP: 11/51 [Gastronok/the air (22)]
 15468 | Lair:3   | Killed Gastronok
 15789 | Lair:3   | Reached skill level 8 in Fighting
 15902 | Lair:3   | Reached skill level 11 in Dodging
 16003 | Lair:3   | HP: 12/51 [poisoned by a cane toad]
 16151 | Lair:3   | Noticed an eight-headed hydra
 16222 | Lair:3   | Killed an eight-headed hydra
 16223 | Lair:3   | Reached skill level 12 in Summonings
 16223 | Lair:3   | Gained mutation: Your thick and shaggy fur keeps you warm.
                  | (AC +3, rC+) [Felid growth]
 16223 | Lair:3   | Reached XP level 12. HP: 44/55 MP: 4/20
 16657 | Lair:3   | Noticed a catoblepas
 16677 | Lair:3   | Killed a catoblepas
 16689 | Lair:3   | Reached skill level 10 in Air Magic
 16815 | Lair:3   | Found a staircase to the Shoals.
 17154 | Lair:4   | Noticed Snorg
 17191 | Lair:3   | HP: 6/56 [Snorg (12)]
 17217 | Lair:3   | Killed Snorg
 17838 | Lair:4   | Found a hole to the Spider Nest.
 18268 | D:9      | Noticed a five-headed hydra
 18268 | D:9      | Noticed a centaur warrior
 18288 | D:9      | Noticed a centaur warrior
 18293 | D:9      | Killed a centaur warrior
 18297 | D:9      | Reached skill level 9 in Fighting
 18297 | D:9      | Reached skill level 12 in Dodging
 18369 | D:9      | Noticed Joseph
 18481 | D:8      | HP: 10/57 [wolf spider (12)]
 18497 | D:8      | Killed Joseph
 19090 | D:9      | Noticed a tengu warrior
 19133 | D:8      | Killed a tengu warrior
 19537 | D:9      | Killed a centaur warrior
 19785 | D:9      | You pick up a book of Burglary and begin reading...
 19785 | D:9      | You add the spells Passwall, Ensorcelled Hibernation and
                  | Swiftness to your library.
 19822 | D:9      | Noticed a two-headed ogre
 19834 | D:9      | Killed a two-headed ogre
 20055 | D:9      | Noticed a centaur warrior
 20056 | D:9      | Noticed a seven-headed hydra
 20085 | D:9      | Noticed a two-headed ogre
 20087 | D:9      | Noticed a stone giant
 20087 | D:9      | Killed a centaur warrior
 20088 | D:9      | Reached skill level 13 in Summonings
 20088 | D:9      | Noticed a tengu warrior
 20095 | D:9      | Noticed a death knight
 20162 | D:9      | HP: 7/58 [stone giant/large rock (32)]
 20491 | D:9      | Killed a stone giant
 20671 | D:9      | Killed a seven-headed hydra
 20672 | D:9      | Reached skill level 11 in Air Magic
 20672 | D:9      | Reached XP level 13. HP: 61/61 MP: 11/21
 20694 | D:9      | HP: 9/61 [centaur warrior/arrow (21)]
 20699 | D:9      | Noticed a fire dragon
 20700 | D:9      | Slain by a centaur warrior
 20701 | D:9      | Reached XP level 12. HP: -5/58 MP: 3/20
 21222 | D:1      | Prayed at the altar of an unknown god.
 21222 | D:1      | Became a worshipper of the Shining One
 21222 | D:1      | Reached * piety under the Shining One
 21399 | D:9      | Killed a two-headed ogre
 21400 | D:9      | Reached skill level 10 in Fighting
 21424 | D:9      | Killed a centaur warrior
 21578 | D:9      | Killed a tengu warrior
 21584 | D:9      | Killed a centaur warrior
 21704 | D:9      | Killed a five-headed hydra
 21919 | D:9      | Killed a death knight
 22050 | D:9      | Killed from afar by a fire dragon
 22051 | D:9      | Reached XP level 11. HP: -14/55 MP: 9/19
 22057 | D:9      | You pick up a book of Winter and begin reading...
 22057 | D:9      | You add the spells Ozocubu's Armour, Metabolic Englaciation
                  | and Simulacrum to your library.
 22077 | D:9      | Killed a fire dragon
 22157 | D:9      | You add the spells Slow, Airstrike, Silence and Enfeeble to
                  | your library.
 22157 | D:9      | Got the Catalogue of Entrancing Flight
 22262 | D:10     | Entered Level 10 of the Dungeon
 22285 | D:10     | Found Erywacha's Magic Scroll Emporium.
 22291 | D:10     | Noticed a two-headed ogre
 22298 | D:10     | Killed a two-headed ogre
 22459 | D:10     | Found a flagged portal.
 22468 | Bailey   | Entered a bailey
 22517 | Bailey   | Identified the +10 long sword of the Slime-mould {vamp,
                  | Str+7 Dex+6 Stlth-}
 22520 | Bailey   | Noticed an orc knight
 22688 | Bailey   | Killed an orc knight
 23238 | D:10     | Bought a scroll of magic mapping for 45 gold pieces
 23238 | D:10     | Bought a scroll of magic mapping for 45 gold pieces
 23238 | D:10     | Bought a scroll of blinking for 97 gold pieces
 23476 | D:4      | Found a radiant altar of Vehumet.
 23476 | D:4      | Found an opulent altar of Gozag.
 23476 | D:4      | Found an iron altar of Okawaru.
 23476 | D:4      | Found a sparkling altar of Nemelex Xobeh.
 23479 | D:4      | Found an ancient bone altar of Kikubaaqudgha.
 23487 | D:4      | Fell from the grace of the Shining One
 23487 | D:4      | Became a worshipper of Gozag Ym Sagoz the Greedy
 23777 | Lair:4   | Noticed a four-headed hydra
 23788 | Lair:4   | Killed a four-headed hydra
 24198 | Lair:4   | Reached XP level 12. HP: 45/59 MP: 10/20
 24212 | Lair:4   | Reached skill level 11 in Fighting
 24532 | Lair:4   | Noticed a five-headed hydra
 24538 | Lair:4   | Killed a five-headed hydra
 24539 | Lair:4   | Reached skill level 14 in Summonings
 24743 | Lair:2   | Bought an amulet of regeneration for 480 gold pieces
 24861 | Lair:5   | Noticed a death yak
 24862 | Lair:5   | Noticed a death yak
 24863 | Lair:5   | Noticed a death yak
 24864 | Lair:5   | Noticed a death yak
 24865 | Lair:5   | Noticed a death yak
 24870 | Lair:5   | Killed a death yak
 24871 | Lair:5   | Reached skill level 1 in Translocations
 24871 | Lair:5   | Killed a death yak
 24872 | Lair:5   | Reached skill level 1 in Transmutations
 24872 | Lair:5   | Reached skill level 12 in Air Magic
 24921 | Lair:4   | magus.rc [v1.11.3]
 24925 | Lair:5   | Noticed an eight-headed hydra
 24941 | Lair:5   | Killed an eight-headed hydra
 24949 | Lair:5   | Reached skill level 2 in Translocations
 24981 | Lair:5   | Noticed a death yak
 25175 | Lair:5   | Reached skill level 2 in Transmutations
 25331 | Lair:4   | Killed from afar by a lindwurm

Vanquished Creatures
  A blink frog (Lair:1)
  A water moccasin (Lair:1)
  An electric eel (Lair:3)
  An adder (D:5)
  A bat (D:2)
  A giant cockroach (D:1)
  2 goblins
  A frilled lizard (D:3)
  A rat (D:2)
10 creatures vanquished.

Vanquished Creatures (collateral kills)
  Gastronok (Lair:3)
  A stone giant (D:9)
  Snorg (Lair:3)
  A fire dragon (D:9)
  7 hydras
  5 centaur warriors (D:9)
  A catoblepas (Lair:3)
  3 two-headed ogres
  A death knight (D:9)
  7 death yaks
  2 tengu warriors
  An orc knight (Bailey)
  2 manticores (D:9)
  2 wolf spiders
  A cyclops (D:9)
  4 elephants (Lair:4)
  An ugly thing (D:9)
  Joseph (D:8)
  3 black mambas
  4 cane toads
  A gargoyle (D:9)
  8 komodo dragons
  A rime drake (Lair:5)
  A polar bear (Lair:4)
  A troll (D:9)
  4 hornets
  7 blink frogs
  A slime creature (D:9)
  A snapping turtle (Lair:3)
  Sigmund (D:3)
  2 wyverns
  3 basilisks
  17 yaks
  A steam dragon (D:9)
  Eustachio (D:6)
  2 redbacks (Lair:4)
  Edmund (D:6)
  15 water moccasins
  2 sky beasts
  9 orc warriors
  An ogre (D:5)
  6 wolves
  5 centaurs
  A kobold brigand (D:6)
  A gnoll sergeant (D:9)
  15 bullfrogs
  A scorpion (D:7)
  A wyvern skeleton (D:7)
  A water moccasin skeleton (D:5)
  2 killer bees (D:8)
  3 wights
  A nameless horror (D:6)
  3 howler monkeys (D:9)
  3 hounds
  3 centaur zombies
  2 jellies
  4 orc priests
  A gnoll shaman (D:6)
  2 bullfrog skeletons
  3 iguanas
  Jessica (D:2)
  5 orc wizards
  Natasha (thrice) (D:4)
  A killer bee zombie (D:7)
  A howler monkey zombie (D:7)
  7 adders
  17 gnolls
  An adder skeleton (D:4)
  2 worms (D:5)
  2 dart slugs (D:4)
  28 orcs
  5 bats
  9 endoplasms
  2 giant cockroaches
  9 goblins
  6 hobgoblins
  9 jackals
  26 kobolds
  3 quokkas
  4 ball pythons
  A frilled lizard (D:3)
  2 rats
331 creatures vanquished.

Vanquished Creatures (others)
  A death yak (Lair:2)
  A cane toad (Lair:1)
  2 wyverns (D:8)
  2 basilisks (D:8)
  4 yaks (D:8)
  An acid dragon (D:8)
  2 water moccasins (D:8)
  A necrophage (D:5)
  2 wolves (Lair:1)
  A gnoll sergeant (D:8)
  A scorpion (D:6)
  3 killer bees (D:8)
  2 wights (D:9)
  2 gnoll shamans
  2 iguanas
  3 gnolls
  An orc (D:6)
  3 bushes (D:8)
  38 fungi
  64 plants
  4 toadstools (D:3)
140 creatures vanquished.

Grand Total: 481 creatures vanquished

Table legend:
 A = Non-vault XP
 B = Vault XP
 C = Vault XP percentage of total XP
 D = Non-vault monster count
 E = Vault monster count
 F = Vault count percentage of total count
                 A         B        C        D         E       F
            +---------+---------+-------+---------+---------+-------
      Total |   34317 |   28275 |  45.2 |     268 |     103 |  27.8
            +---------+---------+-------+---------+---------+-------
        D:1 |      37 |       3 |   7.5 |      19 |       2 |   9.5
        D:2 |      91 |      37 |  28.9 |      18 |       1 |   5.3
        D:3 |      62 |     227 |  78.5 |      23 |       1 |   4.2
        D:4 |     250 |      87 |  25.8 |      22 |       5 |  18.5
        D:5 |     633 |       0 |   0.0 |      21 |       0 |   0.0
        D:6 |     522 |     444 |  46.0 |      17 |       6 |  26.1
        D:7 |     463 |       0 |   0.0 |      11 |       0 |   0.0
        D:8 |    1327 |    4099 |  75.5 |      24 |      16 |  40.0
        D:9 |    1231 |   16021 |  92.9 |      20 |      29 |  59.2
       D:10 |    1200 |       0 |   0.0 |       3 |       0 |   0.0
     Lair:1 |    4250 |     810 |  16.0 |      20 |       4 |  16.7
     Lair:2 |    8301 |       0 |   0.0 |      24 |       0 |   0.0
     Lair:3 |    6488 |    2750 |  29.8 |      20 |       3 |  13.0
     Lair:4 |    4739 |    2198 |  31.7 |      15 |       9 |  37.5
     Lair:5 |    4723 |       0 |   0.0 |      11 |       0 |   0.0
     Bailey |       0 |    1599 | 100.0 |       0 |      27 | 100.0
            +---------+---------+-------+---------+---------+-------

Illustrated notes

Table legend:
 A = Kills in this place as a percentage of kills in entire the game.
 B = Kills by you in this place as a percentage of kills by you in the entire game.
 C = Kills by friends in this place as a percentage of kills by friends in the entire game.
 D = Other kills in this place as a percentage of other kills in the entire game.
 E = Experience gained in this place as a percentage of experience gained in the entire game.
 F = Experience gained in this place divided by the number of levels of this place that you have seen.
                   A       B       C       D       E      F
               +-------+-------+-------+-------+-------+----------------------
         Total | 100.0 | 100.0 | 100.0 | 100.0 | 100.0 | 3477.3
       Dungeon |  64.2 |  60.0 |  62.1 |  87.1 |  42.7 | 2430.4
          Lair |  28.6 |  30.0 |  30.0 |  12.9 |  54.7 | 6851.8
        Bailey |   7.3 |  10.0 |   7.9 |   0.0 |   2.6 | 1599.0
               +-------+-------+-------+-------+-------+----------------------

Table legend: (Time is in decaauts)
 A = Elapsed time spent in this place.
 B = Non-inter-level travel time spent in this place.
 C = Inter-level travel time spent in this place.
 D = Time resting spent in this place.
 E = Time spent auto-exploring this place.
 F = Levels seen in this place.
 G = Mean time per level.
                   A        B        C        D        E       F      G
               +--------+--------+--------+--------+--------+-----+--------+
         Total |  23051 |  21488 |   1563 |   2534 |  13757 |  18 | 1280.6 |
       Dungeon |  15135 |  14067 |   1068 |   1480 |   9165 |  11 | 1375.9 |
        Temple |    176 |    168 |      8 |      0 |    166 |   1 |  176.0 |
          Lair |   7125 |   6640 |    485 |    772 |   4425 |   5 | 1425.0 |
        Bailey |    613 |    613 |      0 |    281 |      0 |   1 |  613.0 |
               +--------+--------+--------+--------+--------+-----+--------+

Top non-repeatable levels by time:
     D:8: 3241 daAuts
     D:9: 2413 daAuts
  Lair:3: 2169 daAuts
     D:5: 1812 daAuts
  Lair:1: 1797 daAuts
  Lair:4: 1660 daAuts
     D:6: 1546 daAuts
     D:3: 1413 daAuts
  Lair:2: 1358 daAuts
     D:1: 1307 daAuts
     D:4: 1180 daAuts
     D:7: 1051 daAuts
     D:2: 814 daAuts
  Bailey: 613 daAuts
    D:10: 349 daAuts
